AoeStats
← Cigainero2010

Arena

510879136Analyzed
1v1 RM · 1d ago on Oct 2, 2026· 25m 33s· 2 players
Game mode
Random Map
Map size
Tiny (2 player)
Population
200
Speed
Normal
Resources
Standard
Victory
Conquest
Starting age
Dark Age
Ending age
Imperial Age
RankedLock teamsTeams togetherTeam positionsShared explorationLock speedFull tech treeHidden civsTurbo modeCheats
Victory
Defeat
🇦🇺 Bohemians · Australia
960
+16
🇺🇸 Burgundians · United States
950
-43
Cigainero2010
1:35 Wheelbarrow
8:50 Horse Collar
10:21 Double-Bit Axe
18:26 Feudal Age
20:42 Heavy Plow
21:17 Bow Saw
xXTiroNoChakraXx
11:28 Feudal Age
11:40 Loom
16:25 Castle Age
15:02 Double-Bit Axe
16:01 Horse Collar
18:48 Forging
21:09 Iron Casting
Connection lost

Rejoining the realm…

Still unreachable

The connection could not be restored.

Session expired

The server has moved on; the page needs a fresh start.